 Dungeon Crawl Stone Soup version 0.26.0-10-g1f06aea511 (webtiles) character file.

Game seed: 3434721416061371581

103985 BOMJPIETVODKU the Thaumaturge (level 15, -11/130 (132) HPs)
             Began as a Red Draconian Air Elementalist on Jan 14, 2021.
             Was a High Priest of Vehumet.
             Mangled by a spectral tyrant leech (12 damage)
             ... called from beyond by a ghost crab
             ... on level 3 of the Swamp.
             The game lasted 03:29:39 (37210 turns).

BOMJPIETVODKU the Thaumaturge (DrAE)               Turns: 37210, Time: 03:29:40

HP:   -11/130 (132) AC: 14    Str: 11    XL:     15   Next: 90%
MP:   15/42         EV: 15    Int: 25    God:    Vehumet [*****.]
Gold: 1722          SH:  4    Dex:  9    Spells: 11/42 levels left

rFire    + . .     SeeInvis .   f - +5 long sword "Jeomigoss" {freeze, Int+3 Dex-2 Stlth+}
rCold    . . .     Faith    .   P - +0 buckler
rNeg     . . .     Spirit   .   (armour unavailable)
rPois    +         Reflect  .   (helmet restricted)
rElec    .         Harm     .   h - +1 cloak
rCorr    .         Rampage  +   Z - +0 pair of gloves
Will     +....                  V - +1 pair of boots {rampage}
Stlth    ++........             N - amulet of the acrobat
HPRegen  0.31/turn              S - ring of magical power
MPRegen  0.28/turn              r - ring of poison resistance

@: about to teleport, lightly drained, very slow
A: breathe fire, unfitting armour, fire resistance 1, cold-blooded, AC +9
a: Breathe Fire, Renounce Religion


You were on level 3 of the Swamp.
You worshipped Vehumet.
Vehumet was extremely pleased with you.
You visited 4 branches of the dungeon, and saw 21 of its levels.
You also visited: Ossuary.

You collected 1884 gold pieces.
You spent 162 gold pieces at shops.

Inventory:

Hand Weapons
 f - the +5 long sword "Jeomigoss" (weapon) {freeze, Int+3 Dex-2 Stlth+}
   (You found it on level 6 of the Lair of Beasts)

   It has been specially enchanted to freeze those struck by it, causing extra
   injury to most foes and up to half again as much damage against particularly
   susceptible opponents.
   It can also slow down cold-blooded creatures.
   It affects your intelligence (+3).
   It affects your dexterity (-2).
   It makes you more stealthy.
 x - a +4 rapier of draining
 J - a +4 scimitar of flaming
Armour
 h - a +1 cloak (worn)
 k - a +2 pair of boots
 P - a +0 buckler (worn)
 V - a +1 pair of boots of rampaging (worn)
 Z - a +0 pair of gloves (worn)
Jewellery
 r - a ring of poison resistance (right hand)
 z - an uncursed ring of poison resistance
 B - a +4 ring of evasion
 D - an uncursed ring of protection from fire
 K - an uncursed amulet of reflection
 L - an uncursed ring of flight
 N - an amulet of the acrobat (around neck)
 R - an uncursed amulet of magic regeneration
 S - a ring of magical power (left hand)
Wands
 i - a wand of acid (2)
 q - a wand of enslavement (7)
 w - a wand of random effects (28)
 y - a wand of disintegration (48)
 F - a wand of iceblast (22)
 U - a wand of polymorph (11)
 W - a wand of digging (9)
 X - a wand of flame (11)
Scrolls
 a - 3 scrolls of fog
 d - 4 scrolls of teleportation
 e - 4 scrolls of immolation
 g - 11 scrolls of amnesia
 l - 8 scrolls of identify
 t - 9 scrolls of remove curse
 C - 8 scrolls of enchant weapon
 G - a scroll of enchant armour
 H - 3 scrolls of magic mapping
 Q - 2 scrolls of vulnerability
 T - a scroll of brand weapon {unknown}
Potions
 b - 6 potions of attraction
 j - a potion of lignification
 m - a potion of magic
 n - 4 potions of berserk rage
 o - 3 potions of curing
 p - 2 potions of haste
 s - 6 potions of brilliance
 u - 4 potions of might
 v - 6 potions of mutation
 E - a potion of invisibility
 O - a potion of cancellation {unknown}
Miscellaneous
 M - a box of beasts
 Y - a condenser vane


   Skills:
 * Level 12.1 Fighting
 - Level 4.0 Long Blades
 + Level 8.0 Dodging
 - Level 1.9 Stealth
 + Level 4.6 Shields
 + Level 14.1 Spellcasting
 - Level 10.0 Conjurations
 * Level 4.8 Necromancy
 - Level 10.0 Fire Magic
 - Level 2.1 Ice Magic
 - Level 7.1 Air Magic
 - Level 3.0 Poison Magic
 + Level 1.8 Invocations
 * Level 6.2 Evocations


You had 11 spell levels left.
You knew the following spells:

 Your Spells              Type           Power        Failure   Level
a - Shock                 Conj/Air       100%         1%          1
b - Airstrike             Air            26%          1%          4
c - Lightning Bolt        Conj/Air       28%          1%          5
d - Olgreb's Toxic Radia  Pois           32%          2%          4
e - Iskenderun's Mystic   Conj/Tloc      42%          1%          4
f - Swiftness             Air            52%          1%          2
g - Starburst             Conj/Fire      30%          2%          6
h - Fireball              Conj/Fire      30%          1%          5

Your spell library contained the following spells:

 Spells                   Type           Power        Failure   Level
 Irradiate                Conj/Tmut      21%          3%          5
 Animate Skeleton         Necr           82%          1%          1
 Freeze                   Ice            100%         1%          1
 Corpse Rot               Necr/Air       N/A          1%          2
 Sublimation of Blood     Necr           20%          1%          2
 Frozen Ramparts          Ice            56%          1%          3
 Static Discharge         Conj/Air       57%          1%          3
 Hailstorm                Conj/Ice       47%          1%          4
 Apportation              Tloc           34%          3%          1
 Corona                   Hex            18%          3%          1
 Summon Small Mammal      Summ           68%          3%          1
 Ozocubu's Armour         Ice            28%          4%          3
 Animate Dead             Necr           20%          4%          4
 Dispel Undead            Necr           41%          4%          4
 Agony                    Necr           41%          12%         5
 Excruciating Wounds      Necr           20%          12%         5
 Summon Ice Beast         Ice/Summ       22%          21%         4
 Borgnjor's Vile Clutch   Necr/Erth      14%          32%         5
 Death Channel            Necr           20%          56%         6
 Simulacrum               Ice/Necr       17%          75%         6


Dungeon Overview and Level Annotations

Branches:
Dungeon (10/15)            Temple (0/1) D:6            Lair (6/6) D:10
  Swamp (2/4) Lair:2       Spider (0/4) Lair:3        Slime (0/5) Lair:6
    Orc (2/2) D:9         Ossuary (visited)
    Elf: Orc:2

Altars:
Dithmenos
Elyvilon
Fedhas
Gozag
Hepliaklqana
Kikubaaqudgha
Makhleb
Nemelex Xobeh
Vehumet
Wu Jian
Xom
Zin
The Shining One
Beogh
Jiyva

Shops:
D:4 ?   D:8 ?   D:9 ?

Annotations:
Lair:6 1 runed translucent door


Innate Abilities, Weirdness & Mutations

You can breathe blasts of fire.
Your fiery red scales are hard. (AC +9)
You cannot fit into any form of body armour.
Your flesh is heat resistant. (rF+)
You are cold-blooded and may be slowed by cold attacks.


Message History

The spectral mist engulfs you but does no damage.
The spectral eleionoma hits you!
* * * LOW HITPOINT WARNING * * *
The ghost crab breathes spectral mist at you.
The spectral mist engulfs you but does no damage.
Found a scroll of identify.
As you read the scroll of fear, it crumbles to dust.
You assume a fearsome visage.
The spectral tyrant leech is unaffected.
The spectral eleionoma is unaffected.
The will-o-the-wisp is unaffected.
The ghost crab is unaffected.
The seven-headed hydra looks frightened!
The spectral eleionoma is unaffected.
The spectral spriggan druid is unaffected.
The foxfire is unaffected.
You are engulfed in spectral mist.
* * * LOW HITPOINT WARNING * * *
The spectral eleionoma hits you!
* * * LOW HITPOINT WARNING * * *
The spectral tyrant leech bites you!
You die...

♣..≈≈°≈.≈♣♣♣♣≈
♣≈≈≈.≈≈≈§≈..♣♣
...♣.≈≈≈≈≈...♣♣♣
♣≈...≈≈.♣?...≈♣
?..♣♣.....≈..≈♣
≈≈☼♣♣≈Z§≈≈...♣
♣○♣♣§§☼§≈.♣♣♣
♣°t§§○≈§...♣♣
≈≈♣♣♣♣ZZ@☼§......♣
♣≈≈...Z§v☼☼≈.≈≈.♣
♣♣≈≈≈≈°..§≈≈≈≈.♣♣
♣≈≈≈≈°≈♣≈§≈.♣♣♣
≈≈≈.≈≈≈§≈.D§v.♣
≈≈≈≈≈≈≈.≈≈.§§♣♣
♣.≈≈≈≈.≈.≈...≈§♣
♣♣..≈≈≈≈.≈♣...♣≈≈
♣♣..≈.≈...?..♣.≈


You could see a seven-headed hydra (fleeing), a ghost crab, a spectral tyrant
leech (summoned), a spectral spriggan druid (summoned), 2 spectral eleionomae
and a will-o-the-wisp.

Vanquished Creatures
  Jorgrun (Swamp:1)
  Kirke (Lair:5)
  A bunyip (Swamp:1)
  An eleionoma (Swamp:2)
  An ice dragon (Lair:6)
  Josephine (Lair:6)
  5 boulder beetles
  4 hydras
  3 ghost crabs
  Erica (D:9)
  A two-headed ogre (D:10)
  A death yak (Lair:6)
  3 alligators
  Urug (Lair:5)
  Sonja (Lair:4)
  Nergalle (Lair:3)
  5 goliath frogs
  A spriggan druid (Swamp:2)
  2 swamp dragons
  3 bog bodies
  An orc knight (D:9)
  An ugly thing (D:10)
  2 oklob plants (Lair:5)
  2 orc sorcerers (Orc:2)
  A will-o-the-wisp (Swamp:1)
  A manticore (D:10)
  16 elephants
  Maurice (D:10)
  An ice statue (Lair:6)
  7 black mambas
  Maggie (D:9)
  A torpor snail (Lair:5)
  7 cane toads
  3 rime drakes
  9 komodo dragons
  5 trolls
  4 polar bears
  4 bloated husks
  5 hornets
  5 tyrant leeches
  Prince Ribbit (D:7)
  7 blink frogs
  2 dream sheep (Lair:6)
  15 spriggans
  4 basilisks
  3 wyverns
  6 hogs (Lair:5)
  26 yaks
  6 wraiths
  4 vampire mosquitoes (Swamp:2)
  Menkaure (D:4)
  A steam dragon (Lair:3)
  6 swamp worms
  A soldier ant (D:9)
  A warg (Orc:1)
  8 water moccasins
  17 orc warriors
  3 sky beasts
  8 black bears
  9 ice beasts
  9 ogres
  An eye of draining (D:10)
  2 phantoms
  4 boggarts (Lair:6)
  A necrophage (D:9)
  32 wolves
  9 centaurs
  Blork the orc (D:5)
  2 elf zombies (Ossuary)
  21 bullfrogs
  A wyvern skeleton (D:8)
  A scorpion (D:10)
  A water moccasin skeleton (D:7)
  7 killer bees
  A wight (D:10)
  2 howler monkeys
  4 electric eels
  A crimson imp (D:7)
  A bullfrog zombie (D:8)
  2 centaur zombies (Ossuary)
  2 quasits
  3 bullfrog skeletons
  A centaur skeleton (D:6)
  A gnoll shaman (D:5)
  4 hounds
  13 orc priests
  3 jellies (D:10)
  4 iguanas
  18 orc wizards
  9 hell rats (Lair:5)
  13 worker ants
  A hound zombie (D:9)
  A hound skeleton (D:5)
  3 mummies
  Robin (D:1)
  2 worker ant zombies
  8 gnolls
  10 adders
  3 shadow imps
  11 white imps
  2 ufetubi
  4 oozes
  2 adder zombies
  2 adder skeletons (D:7)
  4 worms
  2 dart slugs
  4 leopard geckos
  94 orcs
  10 bats
  3 giant cockroaches
  9 hobgoblins
  6 jackals
  10 kobolds
  6 quokkas
  2 ball pythons
  6 frilled lizards
  A giant cockroach zombie (D:5)
  17 goblins
  11 hobgoblin zombies (Ossuary)
  4 jackal zombies (Ossuary)
  11 kobold zombies (Ossuary)
  A leopard gecko skeleton (D:5)
  6 orc zombies (Ossuary)
  8 rats
  2 bushes (Lair:6)
685 creatures vanquished.

Vanquished Creatures (collateral kills)
  An orc warrior (D:10)
  An orc (D:10)
2 creatures vanquished.

Vanquished Creatures (others)
  An alligator (Swamp:1)
  2 bloated husks
  A human (D:2)
  11 foxfires
  53 fungi
  95 plants
163 creatures vanquished.

Grand Total: 850 creatures vanquished

Notes
Turn   | Place    | Note
-------+----------+-------------------------------------------
     0 | D:1      | BOMJPIETVODKU the Draconian Air Elementalist began the
                  | quest for the Orb.
     0 | D:1      | Reached XP level 1. HP: 14/14 MP: 3/3
   220 | D:1      | Reached XP level 2. HP: 6/20 MP: 0/5
   875 | D:1      | Reached XP level 3. HP: 27/27 MP: 3/6
  1480 | D:2      | Reached skill level 1 in Fighting
  1655 | D:2      | Noticed Robin
  1802 | D:1      | Reached skill level 3 in Spellcasting
  1920 | D:1      | Reached XP level 4. HP: 21/35 MP: 6/8
  1954 | D:1      | Killed Robin
  2211 | D:2      | Found an ancient bone altar of Kikubaaqudgha.
  2214 | D:2      | Noticed a human
  2216 | D:2      | Killed a human
  2487 | D:2      | Found a radiant altar of Vehumet.
  2491 | D:2      | Became a worshipper of Vehumet
  2497 | D:2      | Learned a level 4 spell: Airstrike
  2505 | D:2      | Found an ornate altar of the Wu Jian Council.
  3480 | D:3      | Reached XP level 5. HP: 41/41 MP: 8/10
  4380 | D:3      | Reached * piety under Vehumet
  4380 | D:3      | Offered knowledge of Freeze by Vehumet.
  4630 | D:4      | Noticed a phantom
  4649 | D:3      | Killed a phantom
  4650 | D:3      | Reached skill level 4 in Spellcasting
  4650 | D:3      | Reached XP level 6. HP: 29/48 MP: 0/12
  5168 | D:4      | Your scales start taking on a fiery red colour.
  5168 | D:4      | Reached XP level 7. HP: 56/56 MP: 0/14
  5168 | D:4      | Gained mutation: Your flesh is heat resistant. (rF+) [Red
                  | Draconian growth]
  5303 | D:4      | Reached skill level 5 in Spellcasting
  5574 | D:4      | Noticed Menkaure
  5586 | D:4      | Killed Menkaure
  5678 | D:4      | Found Qeogi's Magic Scroll Emporium.
  5681 | D:4      | Bought a scroll of identify for 20 gold pieces
  6153 | D:4      | Reached skill level 5 in Air Magic
  6297 | D:5      | Entered Level 5 of the Dungeon
  6364 | D:5      | Reached XP level 8. HP: 46/63 MP: 2/16
  6571 | D:5      | Reached ** piety under Vehumet
  6571 | D:5      | Offered knowledge of Sandblast by Vehumet.
  6591 | D:5      | Reached skill level 6 in Spellcasting
  6611 | D:5      | Found a sand-covered staircase.
  6686 | Ossuary  | Entered an ossuary
  6802 | Ossuary  | Offered knowledge of Searing Ray by Vehumet.
  7108 | Ossuary  | Reached *** piety under Vehumet
  7688 | D:5      | Found a glowing silver altar of Zin.
  7732 | D:5      | Offered knowledge of Olgreb's Toxic Radiance by Vehumet.
  7963 | D:5      | Learned a level 5 spell: Lightning Bolt
  8261 | D:5      | Noticed Blork the orc
  8268 | D:5      | Killed Blork the orc
  8269 | D:5      | Reached skill level 7 in Spellcasting
  8625 | D:6      | Found a staircase to the Ecumenical Temple.
  8725 | D:6      | Reached XP level 9. HP: 67/72 MP: 6/19
  9475 | D:6      | Reached **** piety under Vehumet
  9508 | D:6      | Learned a level 4 spell: Olgreb's Toxic Radiance
  9522 | D:6      | Offered knowledge of Mephitic Cloud by Vehumet.
  9523 | D:6      | Reached skill level 5 in Conjurations
  9710 | D:6      | Reached skill level 8 in Spellcasting
 10096 | D:6      | Found a shadowy altar of Dithmenos.
 10097 | D:6      | Found a hazy altar of Hepliaklqana.
 10586 | D:7      | Reached skill level 5 in Fighting
 10595 | D:7      | Reached skill level 1 in Poison Magic
 11205 | D:7      | Found a glowing golden altar of the Shining One.
 11206 | D:7      | Found a white marble altar of Elyvilon.
 11219 | D:7      | Found a glowing silver altar of Zin.
 11354 | D:7      | Noticed Prince Ribbit
 11358 | D:7      | Killed Prince Ribbit
 11359 | D:7      | Reached skill level 9 in Spellcasting
 11736 | D:7      | Reached XP level 10. HP: 81/81 MP: 11/23
 12146 | D:7      | Found a shimmering altar of Xom.
 12147 | D:7      | Found a burning altar of Makhleb.
 12753 | D:8      | Reached ***** piety under Vehumet
 12753 | D:8      | Offered knowledge of Iskenderun's Mystic Blast by Vehumet.
 12759 | D:8      | Learned a level 4 spell: Iskenderun's Mystic Blast
 12974 | D:8      | Found a blossoming altar of Fedhas.
 12989 | D:8      | Found Coamagad's Magic Scroll Boutique.
 12997 | D:8      | Bought a scroll of identify for 32 gold pieces
 13306 | D:8      | Found a sparkling altar of Nemelex Xobeh.
 13453 | D:9      | Found an opulent altar of Gozag.
 13743 | D:9      | Reached skill level 10 in Spellcasting
 13814 | D:9      | Found a roughly hewn altar of Beogh.
 13814 | D:9      | Found a staircase to the Orcish Mines.
 14119 | Orc:1    | Entered Level 1 of the Orcish Mines
 14120 | Orc:1    | Noticed an orc knight
 14432 | D:9      | Killed an orc knight
 14705 | D:9      | Found Idoff's Magic Scroll Shop.
 14715 | D:9      | Bought a scroll of blinking for 75 gold pieces
 14715 | D:9      | Bought a scroll of magic mapping for 35 gold pieces
 15317 | D:9      | Noticed Maggie
 15320 | D:9      | Noticed Erica
 15331 | D:9      | Killed Maggie
 15332 | D:9      | Reached skill level 1 in Evocations
 15334 | D:9      | Killed Erica
 16012 | Orc:1    | Reached XP level 11. HP: 89/89 MP: 13/25
 16056 | Orc:2    | Entered Level 2 of the Orcish Mines
 16056 | Orc:2    | Noticed an ettin
 16064 | Orc:2    | Noticed a boulder beetle
 16703 | Orc:2    | Reached skill level 1 in Long Blades
 16793 | Orc:2    | Noticed an orc warlord
 16794 | Orc:2    | Noticed an orc sorcerer
 16797 | Orc:2    | Noticed a sun demon
 16802 | Orc:2    | Noticed a sun demon
 16926 | Orc:1    | Killed a boulder beetle
 17227 | Orc:2    | Noticed an orc sorcerer
 17233 | Orc:2    | Paralysed by an orc sorcerer for 5 turns
 17237 | Orc:2    | Killed an orc sorcerer
 18011 | Orc:2    | Killed an orc sorcerer
 18241 | Orc:2    | Noticed an orc sorcerer
 18246 | Orc:2    | Reached skill level 11 in Spellcasting
 18641 | D:10     | Entered Level 10 of the Dungeon
 19145 | D:10     | Noticed a cyan ugly thing
 19188 | D:10     | Killed a cyan ugly thing
 19588 | D:10     | Noticed a two-headed ogre
 19995 | D:10     | Killed a two-headed ogre
 20297 | D:10     | Learned a level 2 spell: Swiftness
 20364 | D:10     | Reached XP level 12. HP: 74/100 MP: 27/27
 20534 | D:10     | Found a staircase to the Lair.
 20549 | D:10     | Noticed Maurice
 20592 | D:10     | Killed Maurice
 21573 | D:10     | Offered knowledge of Starburst by Vehumet.
 21587 | Lair:1   | Entered Level 1 of the Lair of Beasts
 21594 | Lair:1   | Reached skill level 12 in Spellcasting
 22937 | Lair:2   | Reached skill level 1 in Necromancy
 23289 | Lair:2   | Learned a level 6 spell: Starburst
 23484 | Lair:2   | Reached skill level 1 in Fire Magic
 24169 | Lair:2   | Found a staircase to the Swamp.
 24923 | Lair:3   | Reached skill level 13 in Spellcasting
 25126 | Lair:3   | Found a hole to the Spider Nest.
 25904 | Lair:3   | Offered knowledge of Fireball by Vehumet.
 25911 | Lair:3   | Learned a level 5 spell: Fireball
 25956 | Lair:4   | Noticed Sonja
 25957 | Lair:4   | Killed Sonja
 25958 | Lair:4   | Reached skill level 5 in Dodging
 26093 | Lair:4   | Noticed Nergalle
 26207 | Lair:3   | Killed Nergalle
 26208 | Lair:3   | Reached XP level 13. HP: 34/110 MP: 30/30
 26756 | Lair:4   | Reached skill level 10 in Conjurations
 26938 | Lair:4   | Reached skill level 5 in Fire Magic
 26941 | Lair:4   | Reached skill level 1 in Shields
 28015 | Lair:5   | Noticed Kirke
 28031 | Lair:5   | Killed Kirke
 28032 | Lair:5   | Reached skill level 10 in Fighting
 28246 | Lair:5   | Found a transporter.
 28247 | Lair:5   | Found a transporter.
 28994 | Lair:5   | Found a burning altar of Makhleb.
 29441 | Lair:6   | Entered Level 6 of the Lair of Beasts
 29748 | Lair:6   | Noticed Urug
 29751 | Lair:6   | Noticed Josephine
 29952 | Lair:6   | Killed Josephine
 29957 | Lair:6   | Reached XP level 14. HP: 54/120 MP: 19/31
 29961 | Lair:5   | Killed Urug
 30210 | Lair:5   | Reached skill level 10 in Fire Magic
 31034 | Lair:6   | Offered knowledge of Irradiate by Vehumet.
 31069 | Lair:6   | Reached skill level 1 in Ice Magic
 31579 | Lair:6   | Identified a scroll of acquirement
 31579 | Lair:6   | Acquired a book of Cantrips
 31609 | Lair:6   | Reached skill level 1 in Invocations
 31609 | Lair:6   | Reached XP level 15. HP: 130/130 MP: 32/32
 31618 | Lair:6   | Got a scorched long sword
 31620 | Lair:6   | Identified the +5 long sword "Jeomigoss" {freeze, Int+3
                  | Dex-2 Stlth+} (You found it on level 6 of the Lair of
                  | Beasts)
 31668 | Lair:6   | Reached skill level 5 in Evocations
 31745 | Lair:6   | Found a runed translucent door.
 31746 | Lair:6   | Found a viscous altar of Jiyva.
 31746 | Lair:6   | Noticed an acid blob
 31746 | Lair:6   | Noticed an acid blob
 31748 | Lair:6   | Found a staircase to the Slime Pits.
 31748 | Lair:6   | Noticed an acid blob
 32251 | Swamp:1  | Entered Level 1 of the Swamp
 33287 | Swamp:1  | Noticed Jorgrun
 33294 | Swamp:1  | Killed Jorgrun
 36385 | Swamp:2  | Reached skill level 14 in Spellcasting
 37186 | Swamp:2  | You fall into a shaft and drop 1 floor!
 37210 | Swamp:3  | HP: 1/130 [spectral eleionoma[a ghost crab] (11)]
 37210 | Swamp:3  | Mangled by a spectral tyrant leech

Illustrated notes

Levels and vault maps discovered:
D:1:      lightli_arrival_statuegarden, layout_basic, minmay_hedge_maze,
          fountainhead
D:2:      layout_loops_ring, amethyst_overflow_temple_binary, tgw_kikubaaqudgha,
          uniq_robin
D:3:      layout_basic
D:4:      layout_gridville, serial_shops, kennysheep_mini_moat, uniq_menkaure
D:5:      layout_basic, basic_altar, gup_ossuary_entry_pyramid,
          uniq_blork_the_orc
D:6:      layout_loops_corners, riverfiend_overflow_shadow_ancestor,
          minmay_temple_entry_proselytizer
D:7:      layout_layer_cave, grunt_temple_overflow_champion_of_chaos,
          good_gods_temple_1, uniq_prince_ribbit1
D:8:      layout_rooms, nemelex_altar_shiori, kennysheep_little_box,
          serial_shops, nicolae_shop_trees
D:9:      layout_stronghold, grunt_gozag_breadcrumbs, david_orc_5, serial_shops,
          nicolae_shop_crystal, item_on_display_a, uniq_maggie, uniq_erica
D:10:     minmay_wavy_crystal, layout_irregular_city, dpeg_oklobed_lair,
          kennysheep_dice, uniq_maurice
Lair:1:   layout_loops_ring, chequers_serial_rivers_small_a,
          beast_lair_carwin_11, infiniplex_staircase_pool_2
Lair:2:   layout_chaotic_city, nicolae_swamp_entry_splash_gauntlet,
          infiniplex_staircase_pool, lemuel_fruit_tree
Lair:3:   layout_cave_pods, dummy_spider_entry, lemuel_fruit_fields
Lair:4:   layout_roguey, serial_bayou_pond_c, lookout_lair_type,
          serial_bayou_shore_a, uniq_nergalle, uniq_sonja
Lair:5:   gammafunk_boulding_lane, layout_regular_city, basic_altar,
          minmay_lair_oklob_chamber, uniq_kirke
Lair:6:   minmay_lair_end_enchanted_forest, layout_misc_corridors,
          slime_altar_2, ice2_lemuel, uniq_josephine, uniq_urug
Swamp:1:  layout_basic_swamp, evilmike_swamp_ruin_wall, swamp_pool2,
          lightli_tree_ring, uniq_jorgrun
Swamp:2:  layout_falls_marsh, nicolae_swamp_triple_paths, swamp_pool3,
          nicolae_swamp_stair_fork
Swamp:3:  layout_basic_swamp, hangedman_swamp_ruin_hall
Orc:1:    layout_caves
Orc:2:    st_orc_rangers, layout_caves, gammafunk_ghost_grave, rock_pile

Skill      XL: |  1  2  3  4  5  6  7  8  9 10 11 12 13 14 15 |
---------------+----------------------------------------------+-----
Fighting       | 1 2 3 4 5 6 7 8 10 11 12 | 12.1
Dodging        | 2 3 4 5 6 7 8 |  8.0
Spellcasting   | 3 4 5 7 9 10 11 13 14 | 14.1
Air Magic      | 4 5 6 7 |  7.1
Conjurations   | 2 3 4 5 8 9 10 | 10.0
Poison Magic   | 1 2 3 |  3.0
Evocations     | 1 3 4 6 |  6.2
Long Blades    | 2 3 4 |  4.0
Necromancy     | 1 3 4 |  4.8
Fire Magic     | 3 9 10 | 10.0
Shields        | 3 4 |  4.6
Ice Magic      | 2 |  2.1
Invocations    | 1 |  1.8
Stealth        | |  1.9

Action                   |  1- 3 |  4- 6 |  7- 9 | 10-12 | 13-15 || total
-------------------------+-------+-------+-------+-------+-------++-------
Melee: Unarmed           |    21 |       |       |       |       ||    21
       Tailslap          |     3 |     2 |     5 |    16 |    18 ||    44
       Short sword       |    12 |    14 |       |       |       ||    26
       Club              |     4 |       |       |       |       ||     4
       Dagger            |       |    15 |    51 |    27 |       ||    93
       Scimitar          |       |       |       |   108 |   112 ||   220
       Long sword        |       |       |       |       |    60 ||    60
 Cast: Shock             |    96 |   172 |   221 |    21 |       ||   510
       Airstrike         |       |     5 |   100 |   161 |    45 ||   311
       Lightning Bolt    |       |       |    12 |    19 |     1 ||    32
       Olgreb's Toxic Ra |       |       |     3 |   119 |    51 ||   173
       Iskenderun's Myst |       |       |       |    41 |     3 ||    44
       Fireball          |       |       |       |    10 |   143 ||   153
       Starburst         |       |       |       |     7 |    90 ||    97
       Swiftness         |       |       |       |     4 |     6 ||    10
 Abil: Breathe Fire      |       |       |     5 |    12 |       ||    17
       Evoke Flight      |       |       |       |       |     2 ||     2
Evoke: Wand              |       |       |       |     7 |     1 ||     8
       Box of beasts     |       |       |       |     1 |     1 ||     2
  Use: Potion            |       |     4 |     2 |     4 |    12 ||    22
       Scroll            |       |       |    15 |    17 |    11 ||    43
 Stab: Sleeping          |       |       |       |       |     1 ||     1
Armor: Skin              |    36 |    61 |    64 |   101 |   112 ||   374
Dodge: Dodged            |    53 |    77 |   100 |   217 |   219 ||   666
Block: Other             |       |       |       |    29 |    53 ||    82
       Buckler           |       |       |       |       |    55 ||    55
       Rpst.: Scimitar   |       |       |       |    36 |    33 ||    69
       Long sword        |       |       |       |       |    19 ||    19
